 Dungeon Crawl Stone Soup version 0.16.1-51-g6203257 (webtiles) character file.

146856 Miyamura the Fighter (level 16, -4/143 HPs)
             Began as a Red Draconian Transmuter on July 3, 2015.
             Was the Champion of Cheibriados.
             Slain by the 27-headed Lernaean hydra (5 damage)
             ... on level 5 of the Swamp on July 6, 2015.
             The game lasted 03:17:36 (42688 turns).

Miyamura the Fighter (Red Draconian Transmuter)    Turns: 42688, Time: 03:17:36

Health: -4/143     AC: 18    Str: 28    XL:     16   Next: 90%
Magic:  3/34       EV: 25    Int: 35    God:    Cheibriados [******]
Gold:   3973       SH:  0    Dex: 29    Spells: 10 memorised, 3 levels left

rFire  + . .     SeeInvis +       - Unarmed
rCold  + . .     Clarity  .     (armour unavailable)
rNeg   . . .     SustAb   .     (no shield)
rPois  .         Gourm    .     Q - +2 hat {SInv}
rElec  +         Spirit   .     h - +2 cloak
rCorr  .         Warding  .     z - +0 pair of gloves
rMut   .         Stasis   .     w - +2 pair of boots
MR     ++++.                    R - amulet of regeneration
Stlth  ++++......               x - ring of protection from cold
                                I - ring "Plenkig" {MR++ Stlth+}

@: lethally poisoned (-4 -> -4), about to teleport, flying, repel missiles, very
slow, incredibly resistant to hostile enchantments, stealthy
A: breathe fire, unfitting armour, stinger 1, clever 1, fire resistance 1, magic
resistance 1, regeneration 1, electricity resistance, wild magic 1, evolution 1,
cold-blooded, AC +9
a: Breathe Fire, Bend Time, Temporal Distortion, Slouch, Step From Time,
Renounce Religion


You were on level 5 of the Swamp.
You worshipped Cheibriados.
Cheibriados was exalted by your worship.
You were very hungry.

You visited 5 branches of the dungeon, and saw 33 of its levels.
You also visited: Trove, Sewer and Ice Cave.

You collected 5201 gold pieces.
You spent 1228 gold pieces at shops.

Inventory:

Hand weapons
 B - the +15 heavy crossbow "Sniper" {velocity, SInv}
   (You found it in a treasure trove)

   Any bolt fired from it inflicts extra damage.
   It enhances your eyesight.
 J - the +10 dagger "Utonleol" {pierce, rElec Str+4 Int-5 Stlth+}
   (You found it on level 2 of the Swamp)

   It inflicts extra damage upon your enemies.
   It affects your strength (+4).
   It affects your intelligence (-5).
   It insulates you from electricity.
   It makes you more stealthy.
Armour
 h - a +2 cloak (worn)
 w - a +2 pair of boots (worn)
 z - a +0 pair of gloves (worn)
 Q - a +2 hat of see invisible (worn)
Jewellery
 x - a ring of protection from cold (right hand)
 E - an uncursed ring of flight
 H - the ring of Existentialism {-Cast +Inv rElec rPois rC+ SInv}
   (You found it in a treasure trove)

   [ring of invisibility]

   It protects you from cold.
   It insulates you from electricity.
   It protects you from poison.
   It enhances your eyesight.
   It lets you turn invisible.
   It prevents spellcasting.
 I - the ring "Plenkig" (left hand) {MR++ Stlth+}
   (You found it in a treasure trove)

   [ring of stealth]

   It affects your resistance to hostile enchantments.
   It makes you more stealthy.
 R - an amulet of regeneration (around neck)
Magical devices
 p - a wand of invisibility (3)
 r - a wand of digging (17)
 C - a wand of confusion (23)
 D - a wand of paralysis (8)
 K - a wand of fireball (6)
 M - a wand of slowing (35)
 O - a wand of lightning (7)
 V - a wand of teleportation (5)
Scrolls
 b - a scroll of silence
 e - 5 scrolls of enchant weapon
 i - a scroll of blinking
 k - 7 scrolls of teleportation
 n - 8 scrolls of identify
 o - 6 scrolls of fog
 q - 2 scrolls of magic mapping
 v - a scroll of summoning
 y - 8 scrolls of remove curse
 A - 8 scrolls of recharging
 F - 2 scrolls of enchant armour
Potions
 d - a potion of lignification
 g - 7 potions of brilliance
 j - 7 potions of might
 s - 4 potions of cure mutation
 t - 2 potions of magic
 G - 7 potions of restore abilities
 L - 5 potions of curing
 N - a potion of cancellation
 Z - 3 potions of agility
Books
 u - a book of Burglary

   Spells                             Type                      Level
   a - Swiftness                      Charms/Air                   2
   b - Passwall                       Transmutation/Earth          3
   c - Passage of Golubria            Translocation                4
   d - Lee's Rapid Deconstruction     Earth                        5
   e - Invisibility                   Hexes                        6
   f - Darkness                       Hexes                        7
Comestibles
 a - 16 bread rations
 c - 13 meat rations
 l - 2 beef jerkies
 m - 45 fruits


   Skills:
 + Level 13.1 Fighting
 + Level 10.4 Dodging
 - Level 2.3 Stealth
 + Level 11.3 Unarmed Combat
 + Level 11.1 Spellcasting
 + Level 7.0 Conjurations
 - Level 12.7 Summonings
 - Level 2.0 Translocations
 - Level 9.8 Transmutations
 - Level 4.4 Fire Magic
 - Level 3.1 Poison Magic
 - Level 12.1 Invocations


You had 3 spell levels left.
You knew the following spells:

 Your Spells              Type           Power        Failure   Level  Hunger
a - Beastly Appendage     Trmt           ######       1%          1    None
c - Iskenderun's Mystic   Conj           #######.     4%          4    None
d - Blink                 Tloc           N/A          4%          2    None
f - Summon Forest         Summ/Tloc      #######...   9%          5    #......
h - Blade Hands           Trmt           #######...   4%          5    #......
i - Inner Flame           Hex/Fire       ######..     7%          3    None
m - Monstrous Menagerie   Summ           ########..   5%          6    ####...
r - Repel Missiles        Chrm/Air       ####..       9%          2    None
s - Spider Form           Trmt/Pois      #######...   2%          3    None
F - Flight                Chrm/Air       ####......   19%         3    None


Dungeon Overview and Level Annotations

Branches:
Dungeon (15/15)            Temple (1/1) D:7            Lair (8/8) D:10
  Swamp (5/5) Lair:5       Spider (0/5) Lair:5        Slime (0/6) Lair:8
    Orc (4/4) D:10            Elf (0/3) Orc:4        Vaults (0/5) D:13
 Depths (0/5) D:15

Altars:
Ashenzari
Cheibriados
Dithmenos
Elyvilon
Fedhas
Gozag
Kikubaaqudgha
Makhleb
Nemelex Xobeh
Okawaru
Qazlal
Ru
Sif Muna
Trog
Vehumet
Xom
Yredelemnul
Zin
The Shining One
Beogh

Shops:
D:13 !   Orc:4 =([*

Annotations:
Swamp:5 Lernaean hydra


Innate Abilities, Weirdness & Mutations

You can breathe blasts of fire.
Your fiery red scales are hard (AC +9).
Your body does not fit into most forms of armour.
Your flesh is heat resistant.
Your cold-blooded metabolism reacts poorly to cold.
Your tail ends in a poisonous barb.
Your mind is acute. (Int +2)
You are resistant to hostile enchantments.
Your natural rate of healing is unusually fast.
You are resistant to electric shocks.
Your spells are a little harder to cast, but a little more powerful.
You evolve.


Message History

The 27-headed Lernaean hydra bites you but does no damage. x2
The 27-headed Lernaean hydra closely misses you.
The 27-headed Lernaean hydra bites you but does no damage.
The 27-headed Lernaean hydra bites you!
* * * LOW HITPOINT WARNING * * *
The 27-headed Lernaean hydra bites you but does no damage.
The 27-headed Lernaean hydra bites you.
* * * LOW HITPOINT WARNING * * *
The 27-headed Lernaean hydra bites you but does no damage.
The 27-headed Lernaean hydra bites you!
* * * LOW HITPOINT WARNING * * *
The 27-headed Lernaean hydra closely misses you.
The 27-headed Lernaean hydra bites you!
* * * LOW HITPOINT WARNING * * *
The 27-headed Lernaean hydra bites you but does no damage.
The 27-headed Lernaean hydra bites you.
* * * LOW HITPOINT WARNING * * *
The 27-headed Lernaean hydra bites you but does no damage. x2
The 27-headed Lernaean hydra bites you.
You die...

♣.≈≈≈≈≈≈≈≈≈≈≈≈≈.≈≈≈♣♣≈≈≈.♣ ≈**
.≈≈≈≈≈≈≈≈≈≈≈..≈≈≈≈≈♣♣≈.≈♣♣ *≈≈≈*
.≈♣.≈≈≈≈≈≈≈≈.≈≈≈..≈≈♣≈♣≈♣♣ ≈§.≈,
≈§<.≈§♣≈..≈≈≈≈D≈≈.♣♣≈♣♣≈≈♣♣≈≈≈*≈≈
§§≈≈≈.≈♣≈♣♣≈.≈≈≈≈...≈♣♣§≈.≈♣♣♣♣≈≈
♣≈≈≈.♣♣≈≈.♣≈≈≈≈≈≈..≈§§§§§.≈≈.≈D≈≈
♣.≈≈..♣♣≈≈≈♣§≈≈≈≈≈.≈≈D§§≈.≈≈≈.♣♣≈
♣♣....♣♣≈%.≈≈≈≈≈≈.≈≈≈≈§≈≈.≈≈≈.♣
≈♣♣♣♣≈♣♣♣.≈.≈≈≈≈@.≈.§≈≈≈..i§≈.≈♣
♣♣ *♣♣♣≈.≈.≈..D≈≈≈.≈≈§≈....≈≈.≈*
♣ ♣♣♣♣≈..v≈.≈k≈≈≈♣≈≈≈♣♣♣≈.≈≈≈≈≈*
♣♣.♣.≈.≈.♣≈≈≈≈≈.♣≈≈≈≈♣*≈D≈≈≈≈,*
♣.≈.≈....♣≈♣♣.≈.≈≈♣≈≈≈≈≈≈≈≈≈≈**
♣♣≈≈..≈.≈Dv♣♣..♣≈≈≈≈≈≈≈≈≈≈,≈**
♣♣...≈....≈≈.≈♣♣≈♣≈≈≈≈≈≈≈≈≈,*
♣♣≈?.......#..♣≈*♣≈≈♣≈≈≈≈≈≈*≈*
♣.≈.≈.≈....♣≈♣≈♣* ≈≈♣ ♣♣≈≈≈,**


You could see the 27-headed Lernaean hydra, a four-headed hydra, 2 swamp
dragons, a swamp drake and 2 insubstantial wisps.

Vanquished Creatures
  A thorn hunter (Swamp:2)
  A fire giant (D:15)
  Aizul (Swamp:2)
  2 orc warlords
  A very ugly thing (Swamp:2)
  16 hydras
  Fannar (D:12)
  A ghost crab (Swamp:1)
  An ice dragon (Lair:8)
  Nessos (D:12)
  A catoblepas (D:14)
  6 death yaks
  2 dancing weapons (D:13)
  8 alligators
  5 centaur warriors
  A tengu warrior (D:15)
  3 orc high priests
  4 skeletal warriors (D:15)
  4 swamp dragons
  3 ice statues (IceCv)
  3 orc knights
  A shambling mangrove (Swamp:3)
  A wolf spider zombie (D:15)
  An ugly thing zombie (D:15)
  8 orc sorcerers
  A hill giant (D:14)
  A wolf spider (Lair:5)
  5 ugly things
  A hornet (Swamp:4)
  A sixfirhy (Orc:2)
  3 cyclopes
  2 griffons
  2 oklob plants (Lair:7)
  5 black mambas
  A rust devil (Orc:2)
  22 elephants
  A gargoyle (D:10)
  3 efreet (D:15)
  A queen ant (Lair:7)
  13 spiny frogs
  2 kobold demonologists (D:15)
  2 fire drakes (Lair:5)
  4 komodo dragons
  A redback zombie (D:14)
  4 spriggan druids
  7 trolls
  6 polar bears (Lair:8)
  A blue devil (Orc:4)
  A boulder beetle (Lair:8)
  Prince Ribbit (D:6)
  6 ravens
  45 slime creatures
  4 giant leeches
  3 two-headed ogres
  12 bog bodies
  A centaur simulacrum (D:14)
  5 basilisks
  18 blink frogs
  2 trapdoor spiders
  4 wandering mushrooms
  16 spriggans
  48 yaks
  2 wyverns
  4 redbacks (Lair:8)
  7 shadows
  3 hungry ghosts
  3 deep elf magi
  26 vampire mosquitoes
  A deep elf fighter (D:10)
  A steam dragon (Lair:2)
  Grum (D:9)
  A mottled dragon (D:15)
  10 hippogriffs
  26 swamp worms
  4 wargs
  Edmund (D:5)
  7 porcupines
  23 water moccasins
  3 insubstantial wisps (Swamp:2)
  13 soldier ants
  23 wolves
  8 swamp drakes
  9 black bears
  5 sky beasts
  51 orc warriors
  8 ogres
  6 orc zombies
  2 phantoms
  22 ice beasts
  4 boring beetles
  An eye of draining (D:15)
  5 wasps
  19 crocodiles
  15 centaurs
  22 giant frogs
  5 big kobolds
  A wyvern zombie (D:14)
  A warg zombie (Orc:4)
  6 scorpions
  A scorpion (shapeshifter) (D:15)
  A wyvern skeleton (D:14)
  A troll zombie (Orc:4)
  19 killer bees
  2 oklob saplings (D:10)
  12 wights
  10 hounds
  11 jellies
  37 orc priests
  2 goliath beetles
  7 centaur zombies
  A quasit (D:6)
  Crazy Yiuf (D:3)
  2 giant frog skeletons
  10 crimson imps
  A giant frog zombie (D:9)
  4 centaur skeletons
  2 iron imps
  44 orc wizards
  5 iguanas
  Natasha (D:4)
  26 worker ants
  10 sheep
  A hound zombie (D:8)
  2 hound skeletons
  2 worker ant zombies
  3 gnolls (D:4)
  41 river rats
  28 adders
  A giant mite (D:5)
  A white imp (Orc:1)
  3 worms
  6 shadow imps
  2 ufetubi (D:15)
  4 adder skeletons
  8 giant geckos
  2 oozes
  151 orcs
  13 ball pythons
  A bat skeleton (D:5)
  A bat zombie (D:7)
  19 hobgoblins
  13 jackals
  24 kobolds
  22 bats
  5 giant cockroaches
  A giant gecko zombie (D:5)
  18 giant newts
  17 goblins
  13 quokkas
  44 rats
  4 ballistomycetes
  A briar patch (Swamp:2)
  2 fungi
  A plant (Lair:8)
1345 creatures vanquished.

Vanquished Creatures (collateral kills)
  A hydra (Lair:7)
  2 blink frogs (Lair:7)
3 creatures vanquished.

Vanquished Creatures (others)
  A swamp dragon (Swamp:3)
  An ugly thing (D:15)
  A wasp (Swamp:1)
  5 orcs
  2 giant spores
  103 fungi
  97 plants
210 creatures vanquished.

Grand Total: 1558 creatures vanquished

Notes
Turn   | Place    | Note
--------------------------------------------------------------
     0 | D:1      | Miyamura, the Draconian Transmuter, began the quest for the Orb.
     0 | D:1      | Reached XP level 1. HP: 16/16 MP: 3/3
   669 | D:1      | Reached XP level 2. HP: 20/23 MP: 4/4
  1378 | D:2      | Reached XP level 3. HP: 15/28 MP: 3/6
  1897 | D:1      | Learned a level 3 spell: Spider Form
  2396 | D:2      | Reached XP level 4. HP: 36/36 MP: 8/8
  2959 | D:3      | Reached skill level 1 in Poison Magic
  2959 | D:3      | Reached XP level 5. HP: 31/42 MP: 5/10
  3624 | D:3      | Noticed Crazy Yiuf
  3637 | D:3      | Killed Crazy Yiuf
  3947 | D:3      | Reached XP level 6. HP: 14/50 MP: 10/13
  4457 | D:4      | Noticed an ogre
  4499 | D:4      | Killed an ogre
  4866 | D:4      | Reached skill level 4 in Transmutations
  4866 | D:4      | Your scales start taking on a fiery red colour.
  4866 | D:4      | Gained mutation: Your flesh is heat resistant. [draconian maturity]
  4866 | D:4      | Reached XP level 7. HP: 43/57 MP: 9/15
  5345 | D:4      | Noticed Natasha
  5353 | D:4      | Killed Natasha
  5563 | D:5      | Entered Level 5 of the Dungeon
  5665 | D:5      | Noticed Edmund
  5681 | D:5      | Killed Edmund
  5857 | D:5      | Found a glowing drain.
  5896 | Sewer    | Entered a sewer
  6155 | Sewer    | Reached XP level 8. HP: 55/67 MP: 14/18
  6607 | Sewer    | Reached skill level 5 in Fighting
  6909 | D:5      | Reached skill level 5 in Transmutations
  6915 | D:5      | Gained mutation: You expend magic power (3 MP) to slightly strengthen your wands. [mutagenic meat]
  7931 | D:6      | Noticed Prince Ribbit
  7942 | D:6      | Killed Prince Ribbit
  7942 | D:6      | Reached skill level 5 in Spellcasting
  8087 | D:6      | Reached skill level 6 in Fighting
  8208 | D:7      | Reached XP level 9. HP: 72/75 MP: 17/21
  8391 | D:7      | Found a staircase to the Ecumenical Temple.
  8444 | Temple   | Entered the Ecumenical Temple
  8672 | Temple   | Became a worshipper of Cheibriados the Contemplative
  8719 | D:7      | Reached skill level 5 in Unarmed Combat
  8995 | D:7      | Reached skill level 5 in Dodging
  9003 | D:7      | Found an ancient bone altar of Kikubaaqudgha.
  9014 | D:7      | Acquired Cheibriados' first power
  9578 | D:7      | Reached skill level 7 in Fighting
 10027 | D:8      | Learned a level 5 spell: Blade Hands
 10519 | D:8      | Reached XP level 10. HP: 86/86 MP: 19/24
 10698 | D:8      | Found an iron altar of Okawaru.
 10705 | D:8      | Found a deep blue altar of Sif Muna.
 10712 | D:8      | Found a burning altar of Makhleb.
 10719 | D:8      | Found a shimmering altar of Xom.
 10724 | D:8      | Found a bloodstained altar of Trog.
 10735 | D:8      | Found a sparkling altar of Nemelex Xobeh.
 10742 | D:8      | Found a blossoming altar of Fedhas.
 10800 | D:8      | Acquired Cheibriados' second power
 11390 | D:9      | Noticed Grum
 11401 | D:9      | Killed Grum
 11597 | D:9      | Reached skill level 8 in Fighting
 11840 | D:9      | Acquired Cheibriados' third power
 12229 | D:10     | Entered Level 10 of the Dungeon
 12525 | D:10     | Acquired Cheibriados' fourth power
 12768 | D:10     | Reached XP level 11. HP: 64/95 MP: 20/26
 13160 | D:10     | Reached skill level 9 in Fighting
 13219 | D:10     | Found a staircase to the Lair.
 13904 | D:10     | Found a blossoming altar of Fedhas.
 14161 | D:10     | Found a staircase to the Orcish Mines.
 14224 | Lair:1   | Entered Level 1 of the Lair of Beasts
 16212 | Lair:2   | Reached skill level 10 in Fighting
 16462 | Lair:3   | Reached XP level 12. HP: 106/106 MP: 23/28
 18507 | Lair:5   | Found a staircase to the Swamp.
 18559 | Lair:5   | Found a hole to the Spider Nest.
 18565 | Lair:5   | Noticed an eight-headed hydra
 18891 | Lair:5   | Learned a level 6 spell: Monstrous Menagerie
 18951 | Lair:5   | Reached skill level 1 in Summonings
 19465 | Lair:4   | Reached skill level 11 in Fighting
 19557 | Lair:4   | Reached skill level 1 in Invocations
 19757 | Lair:5   | Reached XP level 13. HP: 93/116 MP: 25/30
 20011 | Lair:5   | Killed an eight-headed hydra
 20347 | Lair:5   | Noticed a six-headed hydra
 20361 | Lair:5   | Killed a six-headed hydra
 21073 | Lair:6   | Reached skill level 5 in Invocations
 21323 | Lair:6   | Reached skill level 5 in Summonings
 23840 | Lair:8   | Entered Level 8 of the Lair of Beasts
 23925 | Lair:8   | Found a frozen archway.
 24084 | IceCv    | Entered an ice cave
 24638 | IceCv    | Reached XP level 14. HP: 124/124 MP: 31/31
 25064 | Lair:8   | Found a staircase to the Slime Pits.
 25339 | Lair:8   | Reached skill level 10 in Invocations
 26781 | Lair:8   | Reached skill level 10 in Summonings
 28041 | Lair:1   | Learned a level 3 spell: Inner Flame
 28047 | Lair:1   | Learned a level 5 spell: Summon Forest
 28052 | Lair:1   | Learned a level 4 spell: Iskenderun's Mystic Blast
 28266 | Orc:1    | Entered Level 1 of the Orcish Mines
 28628 | Orc:1    | Learned a level 2 spell: Blink
 28636 | Orc:1    | Got a spiked hat
 28646 | Orc:1    | Identified the +1 hat "Ustra" {rN+} (You found it on level 1 of the Orcish Mines)
 28942 | Orc:2    | Noticed an orc warlord
 28995 | Orc:2    | Killed an orc warlord
 29134 | Orc:2    | Reached skill level 12 in Invocations
 29251 | Orc:2    | Found a roughly hewn altar of Beogh.
 30088 | Orc:3    | Found a roughly hewn altar of Beogh.
 30340 | Orc:4    | Entered Level 4 of the Orcish Mines
 30358 | Orc:4    | Noticed an orc warlord
 31329 | Orc:4    | Noticed an orc warlord
 31340 | Orc:4    | Killed an orc warlord
 31340 | Orc:4    | Reached XP level 15. HP: 97/129 MP: 32/32
 31727 | Orc:4    | Found Phauzesi's Antique Armour Shoppe.
 31756 | Orc:4    | Found a staircase to the Elven Halls.
 31762 | Orc:4    | Found Ismyont's Jewellery Emporium.
 31930 | Orc:4    | Found Poeskait's Antique Weapon Shop.
 32610 | Orc:4    | Found Ywuciocs' General Store.
 32619 | Orc:4    | Bought a scroll of magic mapping for 52 gold pieces
 32779 | Orc:4    | Bought an uncursed amulet of regeneration for 420 gold pieces
 32779 | Orc:4    | Bought an uncursed amulet of resist corrosion for 280 gold pieces
 32779 | Orc:4    | Bought an uncursed amulet of warding for 210 gold pieces
 33271 | D:11     | Reached skill level 1 in Fire Magic
 33762 | D:12     | Noticed Fannar
 33771 | D:12     | Killed Fannar
 33771 | D:12     | Reached skill level 1 in Conjurations
 33771 | D:12     | Reached skill level 1 in Translocations
 33819 | D:12     | Noticed Nessos
 34026 | D:12     | Killed Nessos
 34412 | D:13     | Gained mutation: You are resistant to electric shocks. [mutagenic meat]
 34492 | D:13     | Reached skill level 1 in Stealth
 34507 | D:13     | Gained mutation: Your mind is acute. (Int +2) [mutagenic meat]
 34508 | D:13     | Gained mutation: Your spells are a little harder to cast, but a little more powerful. [mutagenic meat]
 34509 | D:13     | Lost mutation: You expend magic power (3 MP) to slightly strengthen your wands. [mutagenic meat]
 34514 | D:13     | Found a gate to the Vaults.
 34847 | D:13     | Learned a level 2 spell: Repel Missiles
 35036 | D:13     | Found Smohokam's Distillery.
 35048 | D:13     | Bought a potion of restore abilities for 70 gold pieces
 35048 | D:13     | Bought a potion of curing for 42 gold pieces
 35048 | D:13     | Bought a potion of brilliance for 56 gold pieces
 35048 | D:13     | Bought a potion of agility for 56 gold pieces
 35048 | D:13     | Bought a potion of curing for 42 gold pieces
 35471 | D:14     | Gained mutation: You are agile. (Dex +2) [potion of beneficial mutation]
 35554 | D:14     | Found a portal to a secret trove of treasure.
 35590 | D:14     | Gained mutation: You evolve. [mutagenic meat]
 35602 | D:14     | Gained mutation: Your natural rate of healing is unusually fast. [evolution]
 35726 | D:14     | Reached skill level 10 in Spellcasting
 35778 | D:15     | Entered Level 15 of the Dungeon
 35972 | D:15     | Found a staircase to the Depths.
 36053 | D:15     | Reached skill level 10 in Unarmed Combat
 36122 | D:15     | Gained mutation: Your tail ends in a poisonous barb. [mutagenic meat]
 36667 | D:15     | Reached XP level 16. HP: 139/139 MP: 28/33
 36693 | D:15     | Found a sacrificial altar of Ru.
 37792 | D:14     | You paid a toll of 7 potions of haste to enter a treasure trove
 37793 | Trove    | Entered a treasure trove
 37846 | Trove    | Got a glittering steel ring
 37848 | Trove    | Got a clouded turquoise ring
 37868 | D:14     | Identified the ring of Existentialism {-Cast +Inv rElec rPois rC+ SInv} (You found it in a treasure trove)
 37870 | D:14     | Identified the ring "Plenkig" {MR++ Stlth+} (You found it in a treasure trove)
 38039 | Lair:1   | Learned a level 3 spell: Flight
 38198 | Swamp:1  | Entered Level 1 of the Swamp
 38608 | Swamp:1  | Reached skill level 5 in Conjurations
 39011 | Swamp:2  | Got a crystal dagger
 39013 | Swamp:2  | Identified the +10 dagger "Utonleol" {pierce, rElec Str+4 Int-5 Stlth+} (You found it on level 2 of the Swamp)
 39447 | Swamp:2  | Got a pair of distressingly furry boots
 39458 | Swamp:2  | Identified the -2 pair of boots of the Eight Boll Weevils {Slay+5} (You found it on level 2 of the Swamp)
 39503 | Swamp:2  | Noticed Aizul
 39514 | Swamp:2  | Killed Aizul
 39519 | Swamp:2  | Gained mutation: You are resistant to hostile enchantments. [mutagenic meat]
 40080 | Swamp:3  | Reached skill level 10 in Dodging
 40160 | Swamp:3  | Lost mutation: You are agile. (Dex +2) [evolution]
 41746 | Swamp:5  | Entered Level 5 of the Swamp
 41790 | Swamp:5  | Reached skill level 13 in Fighting
 42336 | Swamp:5  | Noticed the 27-headed Lernaean hydra
 42688 | Swamp:5  | HP: 6/143 [the 27-headed Lernaean hydra (13)]
 42688 | Swamp:5  | HP: 1/143 [the 27-headed Lernaean hydra (5)]
 42688 | Swamp:5  | Slain by the 27-headed Lernaean hydra

Action                   |  1- 3 |  4- 6 |  7- 9 | 10-12 | 13-15 | 16-18 || total
-------------------------+-------+-------+-------+-------+-------+-------++-------
Melee: Unarmed           |   155 |   181 |   696 |   637 |  1518 |   600 ||  3787
 Cast: Beastly Appendage |    11 |    11 |     7 |       |       |       ||    29
       Spider Form       |       |    15 |    36 |     1 |     2 |       ||    54
       Blade Hands       |       |       |     2 |    70 |   100 |    45 ||   217
       Monstrous Menager |       |       |       |       |     1 |       ||     1
       Summon Forest     |       |       |       |       |     1 |       ||     1
       Repel Missiles    |       |       |       |       |     2 |     3 ||     5
       Flight            |       |       |       |       |       |    20 ||    20
       Blink             |       |       |       |       |       |     1 ||     1
       Inner Flame       |       |       |       |       |       |     1 ||     1
Invok: Bend Time         |       |       |       |     1 |     6 |     6 ||    13
       Slouch            |       |       |       |       |    12 |       ||    12
       Temporal Distorti |       |       |       |       |     9 |     1 ||    10
       Step From Time    |       |       |       |       |       |     3 ||     3
 Abil: Breathe Fire      |       |       |     5 |     1 |    12 |     3 ||    21
       End Transformatio |       |       |     2 |     1 |     3 |     3 ||     9
  Use: Scroll            |     7 |     6 |     7 |     9 |    13 |    11 ||    53
       Potion            |       |     3 |    10 |     7 |     3 |     9 ||    32
 Stab: Sleeping          |       |       |       |     6 |    11 |     4 ||    21
       Fleeing           |       |       |       |     1 |       |       ||     1
       Distracted        |       |       |       |     1 |     3 |     1 ||     5
  Eat: Chunk             |     4 |    11 |    24 |    30 |    54 |    15 ||   138
       Pizza             |       |       |       |     2 |     2 |       ||     4
       Royal jelly       |       |       |       |       |     3 |     1 ||     4
       Beef jerky        |       |       |       |       |       |     3 ||     3
